[Event "Team 45 45 League T45"]
[Site "Internet Chess Club"]
[Date "2010.06.06"]
[Round "5"]
[White "mickeys"]
[Black "QueensCounselor"]
[Result "0-1"]
[WhiteElo "1894"]
[BlackElo "2149"]
[Opening "Grünfeld: modern exchange variation"]
[ECO "D90"]
[Time "14:00:17"]
[TimeControl "2700+45"]

1. d4 Nf6 2. Nf3 g6 3. c4 Bg7 4. Nc3 d5 5. cxd5 Nxd5 6. e4 Nxc3 7. bxc3 c5 8.
Rb1 O-O 9. Be3 Nc6 10. Bb5 cxd4 11. cxd4 Qa5+ 12. Qd2 Qxd2+ 13. Kxd2 Rd8 14.
Bxc6 bxc6 15. h3 c5 16. e5 cxd4 17. Bxd4 Bf5 18. Rb5 Rd7 19. Ke3 Rad8 20. g4
Bh6+ 21. Ke2 Be4 22. Be3 Bd3+ 23. Ke1 Bxb5 24. Bxh6 Rd1# {White checkmated} 0-1

[Event "Team 45 45 League T45"]
[Site "Internet Chess Club"]
[Date "2010.06.06"]
[Round "5"]
[White "upsan"]
[Black "cknights"]
[Result "1-0"]
[WhiteElo "1807"]
[BlackElo "1722"]
[Opening "Sicilian"]
[ECO "B50"]
[Time "11:00:19"]
[TimeControl "2700+45"]

1. e4 c5 2. Nf3 d6 3. c4 Nf6 4. Nc3 Nc6 5. d3 Bg4 6. Be2 e6 7. O-O Be7 8. h3 Bh5
9. Be3 O-O 10. Qd2 Qd7 11. Rad1 Rac8 12. b3 e5 13. Nd5 Rfd8 14. Nxe5 Nxe5 15.
Nxf6+ Bxf6 16. Bxh5 g6 17. f4 Nxc4 18. dxc4 gxh5 19. e5 Be7 20. f5 Rc7 21. f6
Bf8 22. Bh6 dxe5 23. Qg5+ Kh8 24. Bg7+ Kg8 25. Bxf8+ Kxf8 26. Qg7+ Ke8 27. Qg8#
{Black checkmated} 1-0

[Event "Team 45 45 League T45"]
[Site "Internet Chess Club"]
[Date "2010.06.04"]
[Round "5"]
[White "pishd"]
[Black "qs16"]
[Result "0-1"]
[WhiteElo "1634"]
[BlackElo "1687"]
[Opening "Queen's pawn game"]
[ECO "A46"]
[Time "07:02:12"]
[TimeControl "2700+45"]

1. d4 Nf6 2. Nf3 e6 3. Bf4 b6 4. e3 Bb7 5. Bd3 Be7 6. Nbd2 Nc6 7. c3 O-O 8. Qc2
h6 9. e4 Nh5 10. Be3 Nf6 11. h3 d6 12. O-O-O a5 13. e5 dxe5 14. dxe5 Nd5 15. Nf1
Qc8 16. Bd2 Ba6 17. Be4 Bb7 18. h4 a4 19. Rh3 a3 20. b3 f5 21. Bxd5 exd5 22. Rg3
Qe6 23. Bf4 Rad8 24. h5 Kh8 25. Rg6 Qc8 26. Bxh6 gxh6 27. Rxh6+ Kg7 28. Rg6+ Kf7
29. Ne3 Ke8 30. e6 Rd6 31. Nxf5 Bf6 32. Nxd6+ cxd6 33. e7 Nxe7 34. Rg3 Kd8 35.
Nd4 Bxd4 36. cxd4 Qe6 37. Kb1 Nf5 38. Rf3 Qe4 39. Qxe4 dxe4 40. Rf4 Ke7 41. g4
Nh6 42. Rxf8 Kxf8 43. Rg1 Ba6 44. g5 Bd3+ 45. Kc1 Nf5 46. Kd2 Nxd4 47. Kc3 Ne2+
{White resigns} 0-1

[Event "Team 45 45 League T45"]
[Site "Internet Chess Club"]
[Date "2010.06.07"]
[Round "5"]
[White "oldsj"]
[Black "jeffry2k"]
[Result "1-0"]
[WhiteElo "1628"]
[BlackElo "1783"]
[Opening "Sicilian: dragon, Yugoslav attack"]
[ECO "B75"]
[Time "18:04:28"]
[TimeControl "2700+45"]

1. e4 c5 2. Nf3 d6 3. d4 cxd4 4. Nxd4 Nf6 5. Nc3 g6 6. Be3 Bg7 7. f3 Nc6 8. Qd2
Bd7 9. O-O-O Rc8 10. h4 h5 11. Kb1 a6 12. Nd5 Nxd5 13. exd5 Ne5 14. Be2 Nc4 15.
Bxc4 Rxc4 16. b3 Rc8 17. Ne2 Bf5 18. Rc1 Qc7 19. Nd4 Bd7 20. Rhe1 Qc3 21. Qxc3
Rxc3 22. Bf2 Bf6 23. Ne2 Rc7 24. Bd4 Bxd4 25. Nxd4 Bc8 26. Re2 O-O 27. Rce1 Re8
28. c4 Kf8 29. a4 Bd7 30. a5 Rc5 31. Ra2 Rb8 32. Kc2 Re8 33. Kd3 e5 34. dxe6
fxe6 35. b4 Rc7 36. f4 e5 37. fxe5 dxe5 38. Rf2+ Kg7 39. Rfe2 Rd8 40. Rxe5 Bf5+
41. Kc3 Rcd7 42. Nxf5+ gxf5 43. Re7+ Kf8 44. Rxd7 Rxd7 45. Re5 Rf7 46. Kd4 Kg7
47. Ke3 Kg6 48. Re6+ Kg7 49. Kf4 Rc7 50. c5 Rd7 51. Kxf5 Rd2 52. Re7+ Kf8 53.
Rxb7 Rxg2 54. c6 Ke8 55. Ke6 Kd8 56. Kd6 Rd2+ 57. Kc5 Kc8 58. Kb6 Rc2 59. Rh7
Rxc6+ 60. Kxc6 {Black resigns} 1-0

[Event "Team 45 45 League T45"]
[Site "Internet Chess Club"]
[Date "2010.06.07"]
[Round "5"]
[White "smitty120"]
[Black "natethegreat"]
[Result "1-0"]
[WhiteElo "1940"]
[BlackElo "1813"]
[Opening "Sicilian: Kan, Maróczy bind (Réti variation)"]
[ECO "B41"]
[Time "19:01:30"]
[TimeControl "2700+45"]

1. e4 c5 2. Nf3 e6 3. d4 cxd4 4. Nxd4 a6 5. c4 Nf6 6. Nc3 Qc7 7. Be3 Nc6 8. Be2
Bb4 9. f3 Bd6 10. g3 Nxd4 11. Qxd4 Be5 12. Qd3 O-O 13. Rc1 b6 14. Na4 Rb8 15. f4
Bd6 16. a3 Nxe4 17. c5 Nxc5 18. Nxc5 bxc5 19. b4 Bb7 20. Rg1 Rbc8 21. bxc5 Be7
22. Kf2 Rfd8 23. Qb3 Qc6 24. Qb6 Qxb6 25. cxb6 Bxa3 26. Ra1 Bc5 27. Bxa6 Bxe3+
28. Kxe3 Bxa6 29. Rxa6 Rb8 30. Rb1 Kf8 31. Ra7 Ra8 32. Kd4 Ke7 33. Kc5 Rdc8+ 34.
Rc7 Rxc7+ 35. bxc7 Rc8 36. Rb7 f5 37. Kb6 Kd6 38. Ra7 g5 39. Ra1 gxf4 40. gxf4
e5 41. Rd1+ Ke6 42. fxe5 f4 43. Kb7 Rxc7+ 44. Kxc7 Kxe5 45. Rxd7 h6 46. Rf7 Ke4
47. Kd6 f3 48. Ke6 Ke3 49. Rf5 f2 50. Kf6 Ke2 51. Kg6 f1=Q 52. Rxf1 {Black
resigns} 1-0

[Event "Team 45 45 League T45"]
[Site "Internet Chess Club"]
[Date "2010.06.07"]
[Round "5"]
[White "AVEMARIA"]
[Black "vkpanch"]
[Result "1-0"]
[WhiteElo "1701"]
[BlackElo "1669"]
[Opening "Sicilian: Alapin's variation (2.c3)"]
[ECO "B22"]
[Time "21:09:50"]
[TimeControl "2700+45"]

1. e4 c5 2. c3 e6 3. d4 d5 4. exd5 exd5 5. Nf3 Nc6 6. Be2 Nf6 7. O-O Be7 8. Re1
O-O 9. h3 b6 10. Bg5 Bb7 11. Nbd2 h6 12. Bh4 g5 13. Bg3 Ne4 14. Nxe4 dxe4 15.
Ne5 cxd4 16. Nxc6 Bxc6 17. Qxd4 Bc5 18. Qxd8 Raxd8 19. Rad1 f5 20. Bc4+ Kh7 21.
b4 Be7 22. Be6 f4 23. Bh2 Ba4 24. Rxd8 Rxd8 25. Bf5+ Kg7 26. Bxe4 Bf6 27. g3
Bxc3 28. Rc1 Bxb4 29. Rc4 a5 30. gxf4 Rd1+ 31. Kg2 Bd6 32. Rxa4 Bb4 33. fxg5 b5
34. Rxb4 axb4 35. Be5+ Kf7 36. gxh6 Rd8 37. h7 b3 38. axb3 {Black resigns} 1-0

[Event "Team 45 45 League T45"]
[Site "Internet Chess Club"]
[Date "2010.06.05"]
[Round "5"]
[White "soccerisfun"]
[Black "Invicta-Knight"]
[Result "0-1"]
[WhiteElo "1568"]
[BlackElo "1556"]
[Opening "Scandinavian: Pytel-Wade variation"]
[ECO "B01"]
[Time "13:14:52"]
[TimeControl "2700+45"]

1. e4 d5 2. exd5 Qxd5 3. Nc3 Qd6 4. Nf3 a6 5. d4 Nf6 6. Bc4 b5 7. Bb3 Bb7 8. Be3
e6 9. Qd2 Nbd7 10. O-O-O Bxf3 11. gxf3 b4 12. Ne4 Qc6 13. Qd3 Nd5 14. Kb1 Be7
15. c4 bxc3 16. bxc3 f5 17. Bxd5 Qxd5 18. Nd2 Rb8+ 19. Nb3 Ba3 20. Bc1 Rxb3+ 21.
axb3 Qxb3+ 22. Ka1 Bxc1 23. Rxc1 Qa4+ 24. Kb2 Ke7 25. c4 Rb8+ 26. Kc3 Rb3+ 27.
Kd2 Rxd3+ 28. Kxd3 Kf6 29. f4 Qc6 30. Rhe1 Qf3+ 31. Re3 Qxf4 32. Rc2 Qxh2 33. f3
Qf4 34. Rce2 e5 35. dxe5+ Nxe5+ 36. Rxe5 Qxe5 37. Rxe5 Kxe5 38. Ke3 a5 {White
resigns} 0-1

[Event "Team 45 45 League T45"]
[Site "Internet Chess Club"]
[Date "2010.06.06"]
[Round "5"]
[White "TerryMalloy"]
[Black "MeoPatacca"]
[Result "1-0"]
[WhiteElo "2032"]
[BlackElo "1841"]
[Opening "Scandinavian (center counter) defense"]
[ECO "B01"]
[Time "16:04:53"]
[TimeControl "2700+45"]

1. e4 d5 2. exd5 Qxd5 3. Nc3 Qa5 4. d4 c6 5. Nf3 Bf5 6. Bc4 e6 7. Bd2 Nd7 8. O-O
Ngf6 9. h3 Be7 10. Nd5 Qd8 11. Nxe7 Qxe7 12. c3 O-O 13. Re1 Qd8 14. Ne5 Nxe5 15.
dxe5 Nd5 16. Qb3 Nb6 17. Bf4 Qh4 18. g3 Qxh3 19. Bf1 Qh5 20. Bg2 Bh3 21. Bh1 Bg4
22. a4 Bf3 23. Bxf3 Qxf3 24. a5 Nd5 25. Be3 Nxe3 26. Rxe3 Qd5 27. Qxb7 Rfb8 28.
Qc7 Rxb2 29. c4 Qd2 30. Rf3 Rf8 31. Qxa7 Ra2 32. Rxa2 Qxa2 33. a6 Qxc4 34. Qb7
Qb5 35. Qxb5 cxb5 36. Rb3 g6 37. Rxb5 Ra8 38. Rb6 h5 39. Kg2 g5 40. Kf3 Kg7 41.
Ke4 h4 42. Kf3 hxg3 43. fxg3 Kg6 44. g4 Kg7 45. Ke4 Kf8 46. Kd4 Ke8 47. Kc5 f5
48. Rxe6+ Kd7 49. gxf5 Rc8+ 50. Kb6 g4 51. Rg6 g3 52. Rxg3 Rc6+ 53. Kb5 Rc1 54.
Rg7+ Kc8 55. a7 Rb1+ 56. Kc4 Rc1+ 57. Kb3 {Black resigns} 1-0

[Event "Team 45 45 League T45"]
[Site "Internet Chess Club"]
[Date "2010.06.04"]
[Round "5"]
[White "EireChess"]
[Black "az2112"]
[Result "1/2-1/2"]
[WhiteElo "1708"]
[BlackElo "1753"]
[Opening "French: advance, Paulsen attack"]
[ECO "B22"]
[Time "11:43:34"]
[TimeControl "2700+45"]

1. e4 c5 2. c3 e6 3. d4 d5 4. e5 Nc6 5. Nf3 Qb6 6. a3 Nh6 7. b4 cxd4 8. cxd4 Nf5
9. Bb2 Bd7 10. Be2 Be7 11. O-O O-O 12. Bd3 a5 13. b5 Na7 14. a4 Bb4 15. Bxf5
exf5 16. Nc3 Be6 17. Qd3 Qd8 18. Na2 Be7 19. Rac1 {Game drawn by mutual
agreement} 1/2-1/2

[Event "Team 45 45 League T45"]
[Site "Internet Chess Club"]
[Date "2010.06.05"]
[Round "5"]
[White "Chess2Play"]
[Black "TwoEqualsOne"]
[Result "1-0"]
[WhiteElo "1687"]
[BlackElo "1700"]
[Opening "Grünfeld: exchange variation"]
[ECO "D85"]
[Time "23:00:34"]
[TimeControl "2700+45"]

1. d4 Nf6 2. c4 g6 3. Nc3 d5 4. cxd5 Nxd5 5. Nxd5 Qxd5 6. Nf3 Bg7 7. e3 O-O 8.
b3 Bg4 9. Bc4 Qd7 10. Ba3 Nc6 11. O-O Rfe8 12. Rc1 Rad8 13. Qe2 e5 14. d5 Na5
15. Bb5 c6 16. dxc6 Nxc6 17. Rfd1 Qe6 18. h3 Rxd1+ 19. Rxd1 Bxf3 20. Qxf3 e4 21.
Qg4 f5 22. Qe2 Kh8 23. Bb2 a6 24. Bxg7+ Kxg7 25. Qb2+ Kh6 26. Bxc6 Qxc6 27. g3
g5 28. Qd4 Kg6 29. Qd6+ Re6 30. Qd8 Qe8 31. Qxe8+ Rxe8 32. Rd7 h5 33. Rxb7 Re6
34. Rc7 f4 35. exf4 gxf4 36. gxf4 Rd6 37. Rc5 Rd1+ 38. Kg2 Rd2 39. Rg5+ Kf6 40.
Rxh5 e3 41. Re5 exf2 42. Ra5 Rb2 43. h4 Rd2 44. h5 {Black resigns} 1-0

[Event "Team 45 45 League T45"]
[Site "Internet Chess Club"]
[Date "2010.06.08"]
[Round "5"]
[White "ILRE"]
[Black "Nakke"]
[Result "0-1"]
[WhiteElo "1538"]
[BlackElo "1829"]
[Opening "English: ultra-symmetrical variation"]
[ECO "A36"]
[Time "15:30:18"]
[TimeControl "2700+45"]

1. c4 g6 2. Nc3 Bg7 3. g3 c5 4. Bg2 Nc6 5. e3 d6 6. h3 Nf6 7. Nge2 O-O 8. O-O
Be6 9. b3 Qc8 10. Kh2 d5 11. cxd5 Nxd5 12. Rb1 Ndb4 13. d4 cxd4 14. Nxd4 Nxd4
15. exd4 Qxc3 16. Bb2 Qd3 17. Qe1 Nd5 18. Rd1 Qc2 19. Rd2 Qc7 20. Rd1 Qc2 21.
Rd2 Qc7 22. Rd1 Rfc8 23. Qe2 Qd7 24. h4 Rc7 25. h5 Rac8 26. Rd2 Bh6 27. f4 Bg7
28. hxg6 hxg6 29. Be4 Nf6 30. d5 Nxe4 31. Qxe4 Bxb2 32. Rxb2 Qxd5 33. Qe2 Qf5
34. g4 Qxg4 {White resigns} 0-1

[Event "Team 45 45 League T45"]
[Site "Internet Chess Club"]
[Date "2010.06.05"]
[Round "5"]
[White "SlimeDog2"]
[Black "Ptzz"]
[Result "0-1"]
[WhiteElo "2186"]
[BlackElo "2097"]
[Opening "QGD Slav: 4.Nc3"]
[ECO "D15"]
[Time "16:01:09"]
[TimeControl "2700+45"]

1. d4 d5 2. c4 c6 3. Nf3 Nf6 4. Nc3 a6 5. e3 b5 6. b3 Bg4 7. Bb2 e6 8. Bd3 Bb4
9. Qc2 Nbd7 10. a3 Ba5 11. h3 Bh5 12. O-O Bxf3 13. gxf3 Nh5 14. cxd5 cxd5 15. f4
Qh4 16. Kg2 Rc8 17. b4 Bc7 18. Rh1 f5 19. a4 g5 20. Bxf5 Bxf4 21. Bxe6 Rf8 22.
Bxd7+ Kxd7 23. Qxh7+ Ke6 24. Qb7 Rcd8 25. Qc6+ Rd6 26. e4 Rxc6 27. exd5+ Kd6 28.
dxc6 Be3 29. Ne4+ Qxe4+ {White resigns} 0-1

[Event "Team 45 45 League T45"]
[Site "Internet Chess Club"]
[Date "2010.06.05"]
[Round "5"]
[White "Jack-ONeill"]
[Black "Memphischess"]
[Result "1-0"]
[WhiteElo "2066"]
[BlackElo "2000"]
[Opening "English: symmetrical variation"]
[ECO "A37"]
[Time "14:00:59"]
[TimeControl "2700+45"]

1. c4 c5 2. Nf3 g6 3. Nc3 Nc6 4. g3 Bg7 5. Bg2 d6 6. O-O e5 7. d3 Nge7 8. a3 a5
9. Rb1 O-O 10. Bg5 f6 11. Be3 f5 12. Bg5 h6 13. Bxe7 Qxe7 14. Nd5 Qd8 15. Ne1
Be6 16. Nc2 Rb8 17. b4 axb4 18. axb4 Kh7 19. bxc5 dxc5 20. Rb5 Qd6 21. Qb1 Rf7
22. Qb3 f4 23. Qa3 fxg3 24. hxg3 Bf8 25. Rfb1 Qd7 26. Qb2 Bh3 27. Be4 Bf5 28.
Bg2 Bg4 29. Nce3 Bh3 30. Be4 Bf5 31. Nxf5 gxf5 32. Bg2 Bg7 33. Rxc5 e4 34. Qb5
exd3 35. exd3 Re8 36. Nf4 Be5 37. Bxc6 bxc6 38. Qxc6 Bxf4 39. Qxd7 Rxd7 40. gxf4
Rxd3 41. Rxf5 Kg6 42. Rc5 Re6 43. f5+ {Black resigns} 1-0

[Event "Team 45 45 League T45"]
[Site "Internet Chess Club"]
[Date "2010.06.04"]
[Round "5"]
[White "Darkwizard1"]
[Black "Zumbi"]
[Result "1-0"]
[WhiteElo "1947"]
[BlackElo "1977"]
[Opening "Alekhine's defense: exchange variation"]
[ECO "B03"]
[Time "18:07:47"]
[TimeControl "2700+45"]

1. e4 Nf6 2. e5 Nd5 3. d4 d6 4. c4 Nb6 5. exd6 exd6 6. Nc3 Be7 7. Bd3 O-O 8.
Nge2 c6 9. Qc2 f5 10. Ng3 g6 11. Bh6 Re8 12. O-O Na6 13. a3 Bg5 14. Bxg5 Qxg5
15. b4 Be6 16. c5 dxc5 17. dxc5 Nd5 18. Bxa6 bxa6 19. Nce2 h5 20. Nd4 h4 21.
Nge2 Bd7 22. Rae1 Re4 23. Nf3 Qh5 24. Nc3 Rc4 25. Nxd5 cxd5 26. Qd3 f4 27. Re5
{Black resigns} 1-0

[Event "Team 45 45 League T45"]
[Site "Internet Chess Club"]
[Date "2010.06.09"]
[Round "5"]
[White "Despair"]
[Black "kidviper"]
[Result "1-0"]
[WhiteElo "2028"]
[BlackElo "1865"]
[Opening "Benko's opening"]
[ECO "A00"]
[Time "10:00:09"]
[TimeControl "2700+45"]

1. g3 d5 2. Bg2 e5 3. d4 e4 4. c4 c6 5. cxd5 cxd5 6. Nh3 Nf6 7. Bg5 Nbd7 8. Nc3
h6 9. Bxf6 Nxf6 10. Nf4 g5 11. Nh3 Qb6 12. Qd2 Bd6 13. Rc1 Bd7 14. O-O Bc7 15.
f3 exf3 16. Rxf3 Bd8 17. Rcf1 Rc8 18. Re3+ Be7 19. Rxe7+ Kxe7 20. Rxf6 Qd8 21.
Nxd5+ Kf8 22. Qb4+ Kg7 23. Rd6 Qe8 24. Qd2 Bxh3 25. Bxh3 Rd8 26. Rxd8 Qxd8 27.
e4 Re8 28. Bf5 b6 29. Qc3 Qd6 30. Qc7 Qxc7 31. Nxc7 Rh8 32. d5 Kf6 33. d6 Rd8
34. Kf2 Ke5 35. d7 h5 36. Nd5 g4 37. Nf4 Kd4 38. Nxh5 Kd3 39. Nf4+ Kc2 40. b4
Kb2 41. Bxg4 Kxa2 42. Nd3 Kb3 43. Ne5 a5 44. Nxf7 a4 45. Nxd8 a3 46. Nc6 a2 47.
Be6+ Kb2 48. Bxa2 Kxa2 49. d8=Q b5 50. Qd2+ Kb3 51. Nd4+ Ka4 52. Qa2+ Kxb4 53.
Nc6+ Kc5 54. Qd5+ Kb6 55. Nd4 b4 56. Qb5+ Kc7 57. Qc6+ Kd8 58. Nf5 b3 59. Qb7 b2
60. Qe7+ Kc8 61. Nd6+ Kb8 62. Qb7# {Black checkmated} 1-0

[Event "Team 45 45 League T45"]
[Site "Internet Chess Club"]
[Date "2010.06.04"]
[Round "5"]
[White "theophilus"]
[Black "PandorasBox"]
[Result "1/2-1/2"]
[WhiteElo "2187"]
[BlackElo "2048"]
[Opening "Budapest: Adler variation"]
[ECO "A52"]
[Time "15:35:04"]
[TimeControl "2700+45"]

1. d4 Nf6 2. c4 e5 3. dxe5 Ng4 4. Nf3 Bc5 5. e3 Nc6 6. Be2 Ngxe5 7. Nc3 Nxf3+ 8.
Bxf3 O-O 9. O-O Ne5 10. Be2 Re8 11. Ne4 Qe7 12. Nxc5 Qxc5 13. b3 d6 14. Qd5 Qb6
15. Bb2 Be6 16. Qe4 f5 17. Qf4 Bd7 18. Rfd1 Re7 19. Rac1 Qa6 20. a3 Rae8 21. Rd2
Qb6 22. b4 Ng6 23. Qg5 c5 24. Bh5 cxb4 25. Bxg6 hxg6 26. Bd4 Qa5 27. axb4 Qxb4
28. Rb2 Qa3 29. Qxg6 f4 30. Rbb1 fxe3 31. fxe3 Rf7 32. Rf1 Ree7 33. Ra1 Qb4 34.
Bxa7 b6 35. Rfb1 Qd2 36. Bxb6 Qf2+ 37. Kh1 Bf5 38. Ra8+ Rf8 39. Rxf8+ Kxf8 40.
e4 Bxg6 41. Bxf2 Rxe4 42. Rc1 Re2 43. Kg1 Rc2 {Game drawn by mutual agreement}
1/2-1/2

[Event "Team 45 45 League T45"]
[Site "Internet Chess Club"]
[Date "2010.06.04"]
[Round "5"]
[White "Dyzfunk"]
[Black "chess92192"]
[Result "0-1"]
[WhiteElo "2000"]
[BlackElo "2045"]
[Opening "QGD: semi-Slav, Noteboom variation"]
[ECO "D31"]
[Time "14:13:08"]
[TimeControl "2700+45"]

1. d4 d5 2. c4 e6 3. Nc3 c6 4. Nf3 dxc4 5. a4 Bb4 6. e3 b5 7. Be2 Bb7 8. O-O a6
9. e4 Nd7 10. e5 Bxc3 11. bxc3 Nb6 12. Nd2 Nxa4 13. Rxa4 bxa4 14. Ne4 Qc7 15.
Nd6+ Kf8 16. Ba3 Ne7 17. Bxc4 Kg8 18. Qg4 Nd5 19. Rb1 Rb8 20. Rxb7 Rxb7 21. Ne8
Rb1+ 22. Bf1 f5 23. exf6 Qf7 24. Qxg7+ Qxg7 25. fxg7 Nxc3 26. g3 h5 27. gxh8=Q+
Kxh8 28. Kg2 Nb5 29. Bc5 a3 30. Bc4 Rb2 31. Bxe6 Re2 32. Bf7 a2 33. Bf8 Rxe8 34.
Bxe8 a1=Q 35. Bxc6 Qxd4 36. Bf3 h4 37. Bh6 hxg3 38. hxg3 a5 39. Be3 Qf6 40. Be2
Nc3 41. Bc4 Qc6+ {White resigns} 0-1

[Event "Team 45 45 League T45"]
[Site "Internet Chess Club"]
[Date "2010.06.07"]
[Round "5"]
[White "ChessyNessy"]
[Black "RD1974"]
[Result "0-1"]
[WhiteElo "1926"]
[BlackElo "1768"]
[Opening "Scandinavian: Pytel-Wade variation"]
[ECO "B01"]
[Time "12:09:04"]
[TimeControl "2700+45"]

1. e4 d5 2. exd5 Qxd5 3. Nc3 Qd6 4. d4 Nf6 5. Nf3 a6 6. Bg5 Nbd7 7. Qd2 e6 8.
O-O-O Be7 9. Bd3 O-O 10. h4 b5 11. Bf4 Qb6 12. Ne5 c5 13. Ne4 c4 14. Nxd7 Bxd7
15. Nxf6+ Bxf6 16. Be4 Rac8 17. g4 c3 18. Qd3 cxb2+ 19. Kb1 Rc4 20. Be5 Bxe5 21.
Bxh7+ Kh8 22. dxe5 Bc6 23. Qd6 Rc8 24. Bd3 Rd4 25. Qe7 Bxh1 26. Rxh1 Qc6 27.
Qxf7 Qxh1+ 28. Kxb2 Rb4+ 29. Ka3 Ra4+ 30. Kb2 Qxh4 {White resigns} 0-1

[Event "Team 45 45 League T45"]
[Site "Internet Chess Club"]
[Date "2010.06.05"]
[Round "5"]
[White "Folgers"]
[Black "Pason"]
[Result "0-1"]
[WhiteElo "1989"]
[BlackElo "2063"]
[Opening "Queen's pawn"]
[ECO "A40"]
[Time "11:01:28"]
[TimeControl "2700+45"]

1. d4 e6 2. Nf3 f5 3. c4 Nf6 4. Nc3 Be7 5. Qc2 d5 6. cxd5 exd5 7. Bg5 c6 8. e3
O-O 9. Ne5 Ne4 10. Bxe7 Qxe7 11. O-O-O Nd7 12. f4 Ndf6 13. Bd3 Be6 14. h3 c5 15.
Bxe4 fxe4 16. g4 Rac8 17. Kb1 b5 18. Qd2 b4 19. Na4 c4 20. Nc5 a5 21. g5 Nd7 22.
Nxe6 Qxe6 23. Qe2 c3 24. Rc1 Nb6 25. h4 cxb2 26. Kxb2 Na4+ 27. Ka1 Nc3 28. Qh5
Rf5 29. Qg4 Rxe5 {White resigns} 0-1

[Event "Team 45 45 League T45"]
[Site "Internet Chess Club"]
[Date "2010.06.06"]
[Round "5"]
[White "siddhu"]
[Black "allegreison"]
[Result "1/2-1/2"]
[WhiteElo "1821"]
[BlackElo "1753"]
[Opening "QGD Slav: 4.Nc3"]
[ECO "D15"]
[Time "10:01:48"]
[TimeControl "2700+45"]

1. Nf3 Nf6 2. d4 d5 3. c4 c6 4. Nc3 a6 5. Bf4 Bf5 6. e3 e6 7. Bd3 Bxd3 8. Qxd3
Nbd7 9. O-O Nh5 10. Bg3 Nxg3 11. hxg3 Bd6 12. c5 Bc7 13. b4 O-O 14. a4 e5 15.
dxe5 Nxe5 16. Nxe5 Bxe5 17. Rab1 Qf6 18. Ne2 h5 19. b5 axb5 20. axb5 Bb2 21. Qb3
Ba3 22. bxc6 bxc6 23. Qb7 Bxc5 24. Rfc1 Qd6 25. Nd4 Bxd4 26. exd4 Rab8 27. Qa6
Rxb1 28. Rxb1 Qf6 29. Rc1 Qxd4 30. Qxc6 Qd2 31. Qc2 Qxc2 32. Rxc2 Rd8 33. Kf1
Kf8 34. Ke2 Ke7 35. Rc7+ Rd7 36. Rc6 Rd6 37. Rc7+ Ke6 38. Rc8 Kf5 39. Rc7 Kf6
40. Rc8 g6 41. Rc3 Ke5 42. Re3+ Kd4 43. Rf3 f5 44. Ra3 Rb6 45. Ra4+ Kc3 46. Ra3+
Rb3 47. Rxb3+ Kxb3 48. Kd3 Kb2 49. Kd2 {Game drawn by mutual agreement} 1/2-1/2

[Event "Team 45 45 League T45"]
[Site "Internet Chess Club"]
[Date "2010.06.02"]
[Round "5"]
[White "Cryptochess"]
[Black "parrot9"]
[Result "1-0"]
[WhiteElo "2015"]
[BlackElo "1664"]
[Opening "Sicilian: Smith-Morra gambit"]
[ECO "B21"]
[Time "16:57:20"]
[TimeControl "2700+45"]

1. e4 c5 2. d4 cxd4 3. c3 Nf6 4. e5 Nd5 5. Bc4 e6 6. cxd4 Nc6 7. Nf3 d6 8. O-O
Be7 9. Qe2 a6 10. Nc3 Nxc3 11. bxc3 dxe5 12. Nxe5 Nxe5 13. Qxe5 Bf6 14. Qe4 Qc7
15. Bb3 O-O 16. Bc2 g6 17. Qf3 Bg7 18. Bf4 e5 19. Bg3 Re8 20. Rfe1 Bd7 21. Bb3
Bc6 22. d5 Bb5 23. a4 Bc4 24. d6 Qc5 25. Bxc4 Qxc4 26. Qxb7 Rab8 27. Qf3 Rbd8
28. Red1 e4 29. Qe3 Qxc3 30. Qxc3 Bxc3 31. Rac1 Be5 32. d7 {Black resigns} 1-0

[Event "Team 45 45 League T45"]
[Site "Internet Chess Club"]
[Date "2010.06.05"]
[Round "5"]
[White "sandham"]
[Black "giltar"]
[Result "1-0"]
[WhiteElo "2143"]
[BlackElo "1878"]
[Opening "Caro-Kann: classical, Spassky variation"]
[ECO "B19"]
[Time "09:01:21"]
[TimeControl "2700+45"]

1. e4 c6 2. d4 d5 3. Nc3 dxe4 4. Nxe4 Bf5 5. Ng3 Bg6 6. h4 h6 7. Nf3 Nd7 8. h5
Bh7 9. Bd3 Bxd3 10. Qxd3 e6 11. Bd2 Ngf6 12. O-O-O Be7 13. Kb1 O-O 14. Rhe1 c5
15. Qe2 Re8 16. Be3 Qb6 17. Ne5 Rad8 18. Nxd7 Rxd7 19. dxc5 Bxc5 20. Bxc5 Qxc5
21. Rxd7 Nxd7 22. Ne4 Qe5 23. Qd2 Qd5 24. g4 Qxd2 25. Nxd2 Nf6 26. f3 Rd8 27.
Kc1 Kf8 28. c4 Ke7 29. b4 g6 30. hxg6 fxg6 31. Kc2 h5 32. gxh5 gxh5 33. f4 Kf7
34. Nf3 Re8 35. Kc3 Ng4 36. c5 Kf6 37. b5 Rc8 38. Kb4 Kf5 39. Nd4+ Kxf4 40.
Nxe6+ Kg3 41. Ng7 Nf6 42. Re6 Nd5+ 43. Kc4 Rc7 44. Nxh5+ Kh4 45. Re5 Ne3+ 46.
Rxe3 Kxh5 47. Rg3 Rf7 48. c6 Rf4+ 49. Kd5 Rf5+ 50. Kd6 Rf6+ 51. Kc7 bxc6 52.
bxc6 Rf2 53. a3 Rd2 54. Rc3 Rb2 55. Kd7 Rd2+ 56. Kc8 Kg6 57. Kb7 {Black resigns}
1-0

[Event "Team 45 45 League T45"]
[Site "Internet Chess Club"]
[Date "2010.06.06"]
[Round "5"]
[White "Guoruey"]
[Black "Deckfuel"]
[Result "0-1"]
[WhiteElo "1956"]
[BlackElo "2042"]
[Opening "Latvian counter-gambit"]
[ECO "C40"]
[Time "12:15:24"]
[TimeControl "2700+45"]

1. e4 e5 2. Nf3 f5 3. Nc3 Nf6 4. Bc4 fxe4 5. Nxe5 d5 6. Bxd5 Nxd5 7. Qh5+ g6 8.
Nxg6 Nf6 9. Qe5+ Kf7 10. Nxh8+ Kg8 11. Nxe4 Nxe4 12. Qxe4 Kxh8 13. O-O Nd7 14.
d3 Nf6 15. Qh4 Bd7 16. Bg5 Bg7 17. Rae1 Bc6 18. Re5 Qd6 19. Rf5 Nd7 20. Re1 Qg6
21. Qh3 Re8 22. Rxe8+ Qxe8 23. Qe3 Qg6 24. Qh3 Bxb2 25. g4 Bg7 26. Qh5 Qe6 27.
Be3 Nf6 28. Qg5 Qxa2 29. Rxf6 Qa1+ 30. Bc1 Bxf6 {White resigns} 0-1

[Event "Team 45 45 League T45"]
[Site "Internet Chess Club"]
[Date "2010.06.07"]
[Round "5"]
[White "freestyle"]
[Black "Monsoon-Smith"]
[Result "0-1"]
[WhiteElo "2283"]
[BlackElo "2163"]
[Opening "Sicilian: Kan, 5.Bd3"]
[ECO "B42"]
[Time "21:39:53"]
[TimeControl "2700+45"]

1. e4 c5 2. Nf3 e6 3. d4 cxd4 4. Nxd4 a6 5. Bd3 Nf6 6. O-O Qc7 7. Qe2 d6 8. c4
g6 9. Nc3 Bg7 10. Rd1 O-O 11. h3 Nc6 12. Nf3 b6 13. Bf4 Nd7 14. Rac1 Nce5 15.
Nxe5 Nxe5 16. b3 Bb7 17. Bb1 Rfe8 18. Be3 Rab8 19. Qd2 Bf8 20. f4 Nd7 21. e5
Rbd8 22. exd6 Qc8 23. Qf2 Qa8 24. Rd2 Bg7 25. Na4 b5 26. Nb6 Nxb6 27. Bxb6 Rd7
28. cxb5 axb5 29. Rc7 Red8 30. Qc5 Bf8 31. Rxd7 Rxd7 32. Bc7 Bc6 33. Qb6 Bh6 34.
g3 e5 35. Bd3 exf4 36. Bxb5 Bxb5 37. Qxb5 Qc8 38. Qc6 fxg3 39. Re2 Bf8 40. Rc2
Qe8 41. Kg2 Qe6 42. Rd2 Rxc7 43. Qxc7 Qe4+ 44. Kf1 Qh1+ 45. Ke2 g2 {White
resigns} 0-1

[Event "Team 45 45 League T45"]
[Site "Internet Chess Club"]
[Date "2010.06.05"]
[Round "5"]
[White "Kolibri"]
[Black "theophilus"]
[Result "1/2-1/2"]
[WhiteElo "2066"]
[BlackElo "2190"]
[Opening "French: Winawer, advance, positional main line"]
[ECO "C19"]
[Time "14:00:50"]
[TimeControl "2700+45"]

1. e4 e6 2. d4 d5 3. Nc3 Bb4 4. e5 c5 5. a3 Bxc3+ 6. bxc3 Ne7 7. Nf3 Qa5 8. Qd2
Nbc6 9. Bd3 c4 10. Be2 Qa4 11. O-O Bd7 12. Rb1 b6 13. Ng5 h6 14. Nh3 O-O-O 15.
f4 f6 16. exf6 gxf6 17. Nf2 h5 18. Nd1 Rdg8 19. Nb2 Qa6 20. a4 Nf5 21. Ra1 Rg7
22. Rf2 Kb8 23. Nd1 Qc8 24. Ba3 Qg8 25. Ne3 Nh4 26. Bf3 Be8 27. f5 Nxf3+ 28.
Rxf3 h4 29. Bd6+ Kb7 30. fxe6 Qxe6 31. Bf4 Bh5 32. Rf2 Rhg8 33. Re1 Qd7 34. Kh1
Nd8 35. Bh6 Rh7 36. Bf4 Ne6 37. Nf5 Bg6 38. Nd6+ Ka8 39. Qe3 Nxf4 40. Qxf4 Rd8
41. Qxf6 Qxd6 42. Re6 Qd7 43. Qxg6 Rg7 44. Qf6 h3 45. g3 Re8 46. Rxe8+ Qxe8 47.
Qf8 Re7 48. Qxe8+ Rxe8 49. Kg1 Re1+ 50. Rf1 Re2 51. Rf2 Re1+ 52. Rf1 Re2 {Game
drawn by mutual agreement} 1/2-1/2